AoeStats
← sarko

Arabia

507597107Analyzed
1v1 RM · 15d ago on Sep 18, 2026· 49m 32s· 2 players
Game mode
Random Map
Map size
Tiny (2 player)
Population
200
Speed
Normal
Resources
Standard
Victory
Conquest
Starting age
Dark Age
Ending age
Imperial Age
RankedLock teamsTeams togetherTeam positionsShared explorationLock speedFull tech treeHidden civsTurbo modeCheats
Victory
Defeat
🇦🇷 Maya · Argentina
1605
+14
🇦🇷 Wei · Argentina
1562
-14
lucho01Arg
9:30 Feudal Age
8:39 Loom
10:13 Double-Bit Axe
11:11 Horse Collar
16:28 Fletching
16:39 Padded Archer Armor
22:37 Castle Age
23:20 Bodkin Arrow
23:51 Bow Saw
24:55 Leather Archer Armor
24:21 Elite Skirmisher
26:23 Wheelbarrow
30:30 Ballistics
30:46 Stone Mining
31:47 Husbandry
31:45 Gold Mining
36:20 Town Watch
39:23 Imperial Age
38:20 Gold Shaft Mining
40:20 Bracer
41:51 Chemistry
45:36 Bloodlines
45:39 Scale Barding Armor
45:44 Forging
46:53 Chain Barding Armor
49:06 Iron Casting
sarko
0:25 Loom
9:10 Feudal Age
9:47 Double-Bit Axe
13:19 Fletching
15:20 Padded Archer Armor
16:26 Scale Mail Armor
19:54 Wheelbarrow
22:10 Castle Age
22:07 Horse Collar
22:37 Gold Mining
23:12 Bodkin Arrow
22:46 Crossbowman
23:37 Bow Saw
24:22 Chain Mail Armor
25:29 Squires
25:07 Eagle Warrior
31:00 Heavy Plow
33:24 Ballistics
33:57 Arson
35:33 Stone Mining
36:12 Leather Archer Armor
37:51 Hand Cart
38:14 Thumb Ring
42:16 Imperial Age
40:05 Town Watch
42:59 Bracer
44:04 Chemistry
42:51 Arbalester
44:14 Holcans
44:55 Plate Mail Armor
44:37 Forging
45:25 Elite Eagle Warrior
47:55 Conscription
48:07 Ring Archer Armor
48:03 Masonry
49:09 Two-Man Saw
49:15 Iron Casting
49:57 Architecture
49:07 Treadmill Crane
50:26 Crop Rotation
50:32 Stone Shaft Mining
Connection lost

Rejoining the realm…

Still unreachable

The connection could not be restored.

Session expired

The server has moved on; the page needs a fresh start.